TOP OF THE 1ST |
Newport News HS Paints batting - Pitching for Indianapolis HS Chaos : LHP Sam Roach
|
Pitching: LHP Sam Roach
|
|
Batting: RHB Pedro Granados
|
0-0: SINGLE (Flyball, 9S)
|
Batting: RHB James Calderón
|
0-0: Ball 1-0: Foul Ball, location: 2F 1-1: Ball 2-1: DOUBLE (Groundball, 3L) Pedro Granados to third Runner from 3rd tries for Home, SAFE, no throw
|
Batting: RHB Steve Cooper
|
0-0: Swinging Strike 0-1: Swinging Strike 0-2: Ball 1-2: Foul Ball, location: 2F 1-2: Fly out, F3 (Popup, 3SF)
|
Batting: RHB Pete Clark
|
0-0: Ball 1-0: Called Strike 1-1: Called Strike 1-2: Ball 2-2: Strikes out swinging
|
Batting: SHB Carlos Matos
|
0-0: Ball 1-0: Ball 2-0: Called Strike 2-1: Swinging Strike 2-2: Ball 3-2: Foul Ball, location: 2F 3-2: SINGLE (Groundball, 6MD) James Calderón to third James Calderón scores
|
Batting: SHB Augusto Guerrero
|
0-0: Called Strike 0-1: Ball 1-1: Foul Ball, location: 2F 1-2: Strikes out looking
|
Top of the 1st over - 2 runs, 3 hits, 0 errors, 1 left on base; Newport News HS 2 - Indianapolis HS 0 |
BOTTOM OF THE 1ST |
Indianapolis HS Chaos batting - Pitching for Newport News HS Paints : RHP Eric Meyer
|
Pitching: RHP Eric Meyer
|
|
Batting: RHB Brian Carriaga
|
0-0: Foul Ball, location: 2F 0-1: Called Strike 0-2: Foul Ball, location: 2F 0-2: Strikes out looking
|
Batting: RHB Eric Pierce
|
0-0: Ball 1-0: Called Strike 1-1: Swinging Strike 1-2: Ball 2-2: Strikes out looking
|
Batting: RHB Bryan Reed
|
0-0: Ground out 5-3 (Groundball, 5)
|
Bottom of the 1st over - 0 runs, 0 hits, 0 errors, 0 left on base; Newport News HS 2 - Indianapolis HS 0 |
TOP OF THE 2ND |
Newport News HS Paints batting - Pitching for Indianapolis HS Chaos : LHP Sam Roach
|
Batting: LHB Mac Davis
|
0-0: Ball 1-0: Foul Ball, location: 2F 1-1: Foul Ball, location: 2F 1-2: Ball 2-2: Foul Ball, location: 2F 2-2: Strikes out swinging
|
Batting: RHB Lee Boswell
|
0-0: SINGLE (Groundball, 6S) (infield hit)
|
Batting: SHB Francisco Reyes
|
0-0: Called Strike 0-1: Foul Ball, location: 2F 0-2: Foul Ball, location: 2F 0-2: Ball 1-2: Strikes out swinging
|
Batting: RHB Pedro Granados
|
0-0: Ball 1-0: Called Strike 1-1: Ball 2-1: Ball 3-1: Foul Ball, location: 2F 3-2: Foul Ball, location: 2F 3-2: Foul Ball, location: 2F 3-2: Ground out 6-3 (Groundball, 6)
|
Top of the 2nd over - 0 runs, 1 hit, 0 errors, 1 left on base; Newport News HS 2 - Indianapolis HS 0 |
BOTTOM OF THE 2ND |
Indianapolis HS Chaos batting - Pitching for Newport News HS Paints : RHP Eric Meyer
|
Batting: RHB Andy Norris
|
0-0: SINGLE (Line Drive, 7S)
|
Batting: LHB William Morgan
|
0-0: Fielders Choice at 2nd, 1-6 (Groundball, P)
|
Batting: LHB José Alonzo
|
0-0: Ball 1-0: Foul Ball, location: 2F 1-1: Ball 2-1: Foul Ball, location: 2F 2-2: Strikes out looking
|
Batting: LHB Gonzalo Luna
|
0-0: Foul Ball, location: 2F 0-1: Ball 1-1: Ball Passed Ball! William Morgan to second 2-1: Called Strike 2-2: Strikes out swinging
|
Bottom of the 2nd over - 0 runs, 1 hit, 0 errors, 1 left on base; Newport News HS 2 - Indianapolis HS 0 |
TOP OF THE 3RD |
Newport News HS Paints batting - Pitching for Indianapolis HS Chaos : LHP Sam Roach
|
Batting: RHB James Calderón
|
0-0: Ball 1-0: Called Strike 1-1: Foul Ball, location: 2F 1-2: Ground out 1-3 (Groundball, 13S)
|
Batting: RHB Steve Cooper
|
0-0: Called Strike 0-1: Foul Ball, location: 2F 0-2: DOUBLE (Line Drive, 89D)
|
Batting: RHB Pete Clark
|
0-0: Swinging Strike 0-1: Ball 1-1: SINGLE (Flyball, 9LS) Steve Cooper to third
|
Batting: SHB Carlos Matos
|
0-0: Ball 1-0: Swinging Strike 1-1: Fly out, F7 (Flyball, 78M) Runner from 3rd tags up, SCORES, throw made
|
Batting: SHB Augusto Guerrero
|
0-0: Ball Wild Pitch! Pete Clark to second 1-0: Foul Ball, location: 2F 1-1: Reached on error, E6 (Groundball, 6) Pete Clark to third
|
Batting: LHB Mac Davis
|
0-0: Called Strike 0-1: Ball 1-1: Ball 2-1: Ball 3-1: Foul Ball, location: 2F 3-2: Strikes out swinging
|
Top of the 3rd over - 1 run, 2 hits, 1 error, 2 left on base; Newport News HS 3 - Indianapolis HS 0 |
BOTTOM OF THE 3RD |
Indianapolis HS Chaos batting - Pitching for Newport News HS Paints : RHP Eric Meyer
|
Batting: RHB Jonathan Thompson
|
0-0: Ball 1-0: Ball 2-0: Ground out 3-1 (Groundball, 34)
|
Batting: RHB António Solís
|
0-0: Ball 1-0: Swinging Strike 1-1: Called Strike 1-2: Ball 2-2: Ball 3-2: Strikes out swinging
|
Batting: RHB Brian Carriaga
|
0-0: Ball 1-0: Ball 2-0: Called Strike 2-1: Ball 3-1: Swinging Strike 3-2: SINGLE (Line Drive, 3)
|
Batting: RHB Eric Pierce
|
0-0: Ball 1-0: Called Strike 1-1: Ball 2-1: Ball 3-1: Swinging Strike 3-2: Foul Ball, location: 2F 3-2: Strikes out swinging
|
Bottom of the 3rd over - 0 runs, 1 hit, 0 errors, 1 left on base; Newport News HS 3 - Indianapolis HS 0 |
TOP OF THE 4TH |
Newport News HS Paints batting - Pitching for Indianapolis HS Chaos : LHP Sam Roach
|
Batting: RHB Lee Boswell
|
0-0: Called Strike 0-1: Called Strike 0-2: Strikes out swinging
|
Batting: SHB Francisco Reyes
|
0-0: SINGLE (Groundball, 3D)
|
Batting: RHB Pedro Granados
|
0-0: Ball 1-0: SINGLE (Flyball, 7LS) Francisco Reyes to second
|
Batting: RHB James Calderón
|
0-0: Ball 1-0: SINGLE (Line Drive, 89M) Francisco Reyes to third Pedro Granados to second
|
Batting: RHB Steve Cooper
|
0-0: Called Strike 0-1: Swinging Strike 0-2: Strikes out swinging
|
Batting: RHB Pete Clark
|
0-0: SINGLE (Line Drive, 89S) Francisco Reyes scores Pedro Granados to third James Calderón to second
|
Pitching: RHP Norm Bradshaw
|
|
Batting: SHB Carlos Matos
|
0-0: Ball 1-0: Ball 2-0: Foul Ball, location: 2F 2-1: GRAND SLAM HOME RUN (Flyball, 89XD), Distance : 377 ft
|
Batting: SHB Augusto Guerrero
|
0-0: Called Strike 0-1: Called Strike 0-2: Ball 1-2: Strikes out looking
|
Top of the 4th over - 5 runs, 5 hits, 0 errors, 0 left on base; Newport News HS 8 - Indianapolis HS 0 |
BOTTOM OF THE 4TH |
Indianapolis HS Chaos batting - Pitching for Newport News HS Paints : RHP Eric Meyer
|
Batting: RHB Bryan Reed
|
0-0: Ball 1-0: Swinging Strike 1-1: Ground out 5-3 (Groundball, 56)
|
Batting: RHB Andy Norris
|
0-0: Ball 1-0: Ball 2-0: Called Strike 2-1: Ball 3-1: Base on Balls
|
Batting: LHB William Morgan
|
0-0: Ball 1-0: Ball 2-0: Called Strike 2-1: Foul Ball, location: 2F 2-2: Fly out, F7 (Line Drive, 78S)
|
Batting: LHB José Alonzo
|
0-0: Foul Ball, location: 2F 0-1: Ball 1-1: Ball 2-1: SINGLE (Line Drive, 89S) Andy Norris to second Runner from 2nd tries for 3rd, SAFE, no throw
|
Batting: LHB Gonzalo Luna
|
0-0: Called Strike 0-1: Swinging Strike 0-2: Ball 1-2: Foul Ball, location: 2F 1-2: Ground out 4-3 (Groundball, 34)
|
Bottom of the 4th over - 0 runs, 1 hit, 0 errors, 2 left on base; Newport News HS 8 - Indianapolis HS 0 |
TOP OF THE 5TH |
Newport News HS Paints batting - Pitching for Indianapolis HS Chaos : RHP Norm Bradshaw
|
Batting: LHB Mac Davis
|
0-0: Called Strike 0-1: Ball 1-1: Called Strike 1-2: Strikes out swinging
|
Batting: RHB Lee Boswell
|
0-0: SINGLE (Line Drive, 6MD)
|
Batting: SHB Francisco Reyes
|
0-0: Foul Ball, location: 2F 0-1: Ball 1-1: Called Strike 1-2: Strikes out swinging
|
Batting: RHB Pedro Granados
|
0-0: Ball 1-0: Called Strike 1-1: Foul Ball, location: 2F 1-2: Foul Ball, location: 2F 1-2: Strikes out swinging
|
Top of the 5th over - 0 runs, 1 hit, 0 errors, 1 left on base; Newport News HS 8 - Indianapolis HS 0 |
BOTTOM OF THE 5TH |
Indianapolis HS Chaos batting - Pitching for Newport News HS Paints : RHP Eric Meyer
|
Batting: RHB Jonathan Thompson
|
0-0: Ground out 4-3 (Groundball, 4)
|
Batting: RHB António Solís
|
0-0: Foul Ball, location: 2F 0-1: Ball 1-1: Foul Ball, location: 2F 1-2: Ground out 5-3 (Groundball, 56)
|
Batting: RHB Brian Carriaga
|
0-0: Ball 1-0: Ball 2-0: Called Strike 2-1: Ground out 4-3 (Groundball, 4)
|
Bottom of the 5th over - 0 runs, 0 hits, 0 errors, 0 left on base; Newport News HS 8 - Indianapolis HS 0 |
TOP OF THE 6TH |
Newport News HS Paints batting - Pitching for Indianapolis HS Chaos : RHP Norm Bradshaw
|
Batting: RHB James Calderón
|
0-0: Ball 1-0: Ball 2-0: Called Strike 2-1: Swinging Strike 2-2: Ball 3-2: Base on Balls
|
Batting: RHB Steve Cooper
|
0-0: Foul Ball, location: 2F 0-1: Called Strike 0-2: Ball 1-2: Foul Ball, location: 2F 1-2: Foul Ball, location: 2F 1-2: 2-RUN HOME RUN (Line Drive, 7D), Distance : 358 ft
|
Batting: RHB Pete Clark
|
0-0: Ball 1-0: Fly out, F8 (Flyball, 8RD)
|
Batting: SHB Carlos Matos
|
0-0: Foul Ball, location: 2F 0-1: SINGLE (Groundball, 34) (infield hit)
|
Batting: SHB Augusto Guerrero
|
0-0: Ball 1-0: Swinging Strike 1-1: Ball 2-1: Called Strike 2-2: Foul Ball, location: 2F 2-2: Ball 3-2: Foul Ball, location: 2F 3-2: Foul Ball, location: 2F 3-2: SINGLE (Flyball, 8LM) Carlos Matos to second Runner from 2nd tries for 3rd, SAFE, no throw
|
Batting: LHB Mac Davis
|
0-0: Ball 1-0: Ball 2-0: Ball 3-0: Called Strike 3-1: Base on Balls Augusto Guerrero to second
|
Batting: RHB Lee Boswell
|
0-0: Grounds into double play, 6-4-3 (Groundball, 6M)
|
Top of the 6th over - 2 runs, 3 hits, 0 errors, 2 left on base; Newport News HS 10 - Indianapolis HS 0 |
BOTTOM OF THE 6TH |
Indianapolis HS Chaos batting - Pitching for Newport News HS Paints : RHP Eric Meyer
|
Batting: RHB Eric Pierce
|
0-0: Ball 1-0: Ground out 4-3 (Groundball, 4)
|
Batting: RHB Bryan Reed
|
0-0: Ball 1-0: Swinging Strike 1-1: Called Strike 1-2: Fly out, F8 (Line Drive, 8RD)
|
Batting: RHB Andy Norris
|
0-0: Ball 1-0: Ball 2-0: Foul Ball, location: 2F 2-1: Ball 3-1: Foul Ball, location: 2F 3-2: Fly out, F7 (Flyball, 78M)
|
Bottom of the 6th over - 0 runs, 0 hits, 0 errors, 0 left on base; Newport News HS 10 - Indianapolis HS 0 |
TOP OF THE 7TH |
Newport News HS Paints batting - Pitching for Indianapolis HS Chaos : RHP Norm Bradshaw
|
Batting: SHB Francisco Reyes
|
0-0: Called Strike 0-1: Ball 1-1: Called Strike 1-2: Foul Ball, location: 2F 1-2: Ball 2-2: Strikes out swinging
|
Batting: RHB Pedro Granados
|
0-0: Ball 1-0: Swinging Strike 1-1: Swinging Strike 1-2: Ground out 5-3 (Groundball, 5L)
|
Batting: RHB James Calderón
|
0-0: SINGLE (Groundball, 56S) (infield hit)
|
Batting: RHB Steve Cooper
|
0-0: Called Strike 0-1: Ball 1-1: Ball 2-1: Called Strike 2-2: Ball 3-2: Base on Balls James Calderón to second
|
Batting: RHB Pete Clark
|
0-0: Ball 1-0: Called Strike 1-1: Ball 2-1: Foul Ball, location: 2F 2-2: Strikes out swinging
|
Top of the 7th over - 0 runs, 1 hit, 0 errors, 2 left on base; Newport News HS 10 - Indianapolis HS 0 |
BOTTOM OF THE 7TH |
Indianapolis HS Chaos batting - Pitching for Newport News HS Paints : RHP Eric Meyer
|
Pitching: RHP Dale Thompson
|
|
Batting: LHB William Morgan
|
0-0: Ball 1-0: Ball 2-0: Ground out 5-3 (Groundball, 56S)
|
Batting: LHB José Alonzo
|
0-0: Ball 1-0: Ball 2-0: SOLO HOME RUN (Line Drive, 7D), Distance : 350 ft
|
Batting: LHB Gonzalo Luna
|
0-0: Ball 1-0: Swinging Strike 1-1: Ball 2-1: Called Strike 2-2: Foul Ball, location: 2F 2-2: Fly out, F7 (Flyball, 7S)
|
Batting: RHB Jonathan Thompson
|
0-0: Ball 1-0: Called Strike 1-1: Called Strike 1-2: Foul Ball, location: 2F 1-2: Foul Ball, location: 2F 1-2: Strikes out swinging
|
Bottom of the 7th over - 1 run, 1 hit, 0 errors, 0 left on base; Newport News HS 10 - Indianapolis HS 1 |
TOP OF THE 8TH |
Newport News HS Paints batting - Pitching for Indianapolis HS Chaos : RHP Norm Bradshaw
|
Pitching: LHP Lonnie Christensen
|
|
Batting: SHB Carlos Matos
|
0-0: Called Strike 0-1: SINGLE (Flyball, 7LM)
|
Batting: SHB Augusto Guerrero
|
0-0: Called Strike 0-1: Foul Ball, location: 2F 0-2: Ground out 5-3 (Groundball, 5S) Carlos Matos to second
|
Batting: LHB Mac Davis
|
0-0: Called Strike 0-1: SINGLE (Groundball, 4) (infield hit) Carlos Matos to third
|
Batting: RHB Lee Boswell
|
0-0: Foul Ball, location: 2F 0-1: Foul Ball, location: 2F 0-2: Hit by Pitch Mac Davis to second
|
Batting: SHB Francisco Reyes
|
0-0: Foul Ball, location: 2F 0-1: SINGLE (Groundball, 6MD) Carlos Matos scores Mac Davis to third Lee Boswell to second
|
Batting: RHB Pedro Granados
|
0-0: Foul Ball, location: 2F 0-1: Called Strike 0-2: Ball 1-2: Ball 2-2: Fly out, F3 (Line Drive, 34) Lined into DP, 3-5 (Line Drive, 34)
|
Top of the 8th over - 1 run, 3 hits, 0 errors, 2 left on base; Newport News HS 11 - Indianapolis HS 1 |
BOTTOM OF THE 8TH |
Indianapolis HS Chaos batting - Pitching for Newport News HS Paints : RHP Dale Thompson
|
Batting: RHB António Solís
|
0-0: SINGLE (Groundball, 56D)
|
Batting: RHB Brian Carriaga
|
0-0: Swinging Strike 0-1: Foul Ball, location: 2F 0-2: Foul Ball, location: 2F 0-2: SINGLE (Groundball, 56) (infield hit) António Solís to second
|
Batting: RHB Eric Pierce
|
0-0: Ball 1-0: Ball 2-0: DOUBLE (Line Drive, 7LD) António Solís scores Brian Carriaga to third
|
Pitching: LHP Willie White
|
|
Batting: RHB Bryan Reed
|
0-0: Called Strike 0-1: Ball 1-1: SINGLE (Groundball, 34D) Brian Carriaga scores Eric Pierce to third Runner from 3rd tries for Home, SAFE, no throw
|
Batting: RHB Andy Norris
|
0-0: Ball 1-0: Foul Ball, location: 2F 1-1: Fly out, F5 (Line Drive, 5L)
|
Batting: LHB William Morgan
|
0-0: Grounds into double play, 1-6-3 (Groundball, 13S)
|
Bottom of the 8th over - 3 runs, 4 hits, 0 errors, 0 left on base; Newport News HS 11 - Indianapolis HS 4 |
TOP OF THE 9TH |
Newport News HS Paints batting - Pitching for Indianapolis HS Chaos : LHP Lonnie Christensen
|
Batting: RHB James Calderón
|
0-0: Ball 1-0: Called Strike 1-1: SOLO HOME RUN (Flyball, 7D), Distance : 342 ft
|
Batting: RHB Steve Cooper
|
0-0: Ball 1-0: Called Strike 1-1: Swinging Strike 1-2: DOUBLE (Line Drive, 9D)
|
Batting: RHB Pete Clark
|
0-0: Ball 1-0: Ball 2-0: Called Strike 2-1: Ball 3-1: Base on Balls
|
Batting: SHB Carlos Matos
|
0-0: Ball 1-0: Ball 2-0: Ball 3-0: Base on Balls Steve Cooper to third Pete Clark to second
|
Batting: SHB Augusto Guerrero
|
0-0: Ball 1-0: SINGLE (Line Drive, 56D) Steve Cooper scores Pete Clark to third Carlos Matos to second
|
Batting: LHB Mac Davis
|
0-0: Fielders Choice at 2nd, 4-6 (Groundball, 4M) Pete Clark scores Carlos Matos to third
|
Batting: RHB Lee Boswell
|
0-0: Called Strike 0-1: Foul Ball, location: 2F 0-2: Ball 1-2: Ball 2-2: Strikes out looking
|
Batting: SHB Francisco Reyes
|
0-0: Ball 1-0: Ball 2-0: Called Strike 2-1: Foul Ball, location: 2F 2-2: Foul Ball, location: 2F 2-2: Strikes out swinging
|
Top of the 9th over - 3 runs, 3 hits, 0 errors, 2 left on base; Newport News HS 14 - Indianapolis HS 4 |
BOTTOM OF THE 9TH |
Indianapolis HS Chaos batting - Pitching for Newport News HS Paints : LHP Willie White
|
Batting: LHB José Alonzo
|
0-0: Called Strike 0-1: SOLO HOME RUN (Flyball, 9LD), Distance : 337 ft
|
Batting: LHB Gonzalo Luna
|
0-0: Ball 1-0: Ball 2-0: Ball 3-0: Foul Ball, location: 2F 3-1: Base on Balls
|
Batting: RHB Jonathan Thompson
|
0-0: Ball 1-0: Foul Ball, location: 2F 1-1: Ball 2-1: SINGLE (Groundball, 6MD) Gonzalo Luna to second
|
Batting: RHB António Solís
|
0-0: Ball 1-0: Ball 2-0: Called Strike 2-1: Foul Ball, location: 2F 2-2: Foul Ball, location: 2F 2-2: Ball 3-2: Foul Ball, location: 2F 3-2: Foul Ball, location: 2F 3-2: Foul Ball, location: 2F 3-2: Base on Balls Gonzalo Luna to third Jonathan Thompson to second
|
Batting: RHB Brian Carriaga
|
0-0: Ball 1-0: Ball 2-0: Ball 3-0: Called Strike 3-1: Base on Balls Gonzalo Luna scores Jonathan Thompson to third António Solís to second
|
Pitching: LHP Thomas-Louis Noël
|
|
Batting: RHB Eric Pierce
|
0-0: SINGLE (Groundball, 6) (infield hit) Jonathan Thompson scores António Solís to third Brian Carriaga to second
|
Batting: RHB Bryan Reed
|
0-0: Ball 1-0: Foul Ball, location: 2F 1-1: Ball 2-1: Called Strike 2-2: SINGLE (Line Drive, 9) António Solís scores Brian Carriaga to third Eric Pierce to second
|
Batting: RHB Andy Norris
|
0-0: Ball 1-0: Ball 2-0: Ball 3-0: Called Strike 3-1: Base on Balls Brian Carriaga scores Eric Pierce to third Bryan Reed to second
|
Pitching: RHP Paul King
|
|
Batting: LHB William Morgan
|
0-0: Called Strike 0-1: Ground out U3 (Groundball, 34S) Eric Pierce scores Bryan Reed to third Andy Norris to second
|
Batting: LHB José Alonzo
|
0-0: Called Strike 0-1: Ball 1-1: Ball 2-1: Foul Ball, location: 2F 2-2: Ball 3-2: Base on Balls
|
Batting: LHB Gonzalo Luna
|
0-0: Ball 1-0: Ball 2-0: Called Strike 2-1: Swinging Strike 2-2: Strikes out swinging
|
Batting: RHB Jonathan Thompson
|
0-0: Ball 1-0: Called Strike 1-1: Fielders Choice at 2nd, 6-4 (Groundball, 6)
|
Bottom of the 9th over - 6 runs, 4 hits, 0 errors, 3 left on base; Newport News HS 14 - Indianapolis HS 10 |
|